 Dungeon Crawl Stone Soup version 0.26-a0-52-gd53d4cd058 (webtiles) character file.

Game seed: 9598465424075774147

209 Hasart the Grave Robber (level 5, -1/35 HPs)
             Began as a Demonspawn Necromancer on June 6, 2020.
             Slain by an adder (3 damage)
             ... on level 2 of the Dungeon.
             The game lasted 00:05:12 (2836 turns).

Hasart the Grave Robber (Demonspawn Necromancer)    Turns: 2836, Time: 00:05:12

Health: -1/35      AC:  5    Str:  9    XL:     5   Next: 55%
Magic:  3/9        EV: 13    Int: 17    God:
Gold:   171        SH:  0    Dex: 13    Spells: 5/10 levels left

rFire    . . .     SeeInvis .   e - +0 spear
rCold    . . .     Gourm    .   (no shield)
rNeg     . . .     Faith    .   a - +0 robe
rPois    .         Spirit   .   (no helmet)
rElec    .         Reflect  .   (no cloak)
rCorr    .         Harm     .   g - +0 pair of gloves
MR       .....                  (no boots)
Stlth    ++........             (no amulet)
HPRegen  0.11/turn              (no ring)
MPRegen  0.11/turn              (no ring)

@: berserk cooldown, slowed, very slow
A: hooves 1, icy blue scales 1, powered by death 1
a: no special abilities


You were on level 2 of the Dungeon.
You were not hungry.

You visited 1 branch of the dungeon, and saw 3 of its levels.

You collected 171 gold pieces.

Inventory:

Hand Weapons
 e - a +0 spear (weapon)
Missiles
 q - 16 poisoned darts (quivered)
Armour
 a - a +0 robe (worn)
 g - a +0 pair of gloves (worn)
Scrolls
 b - a scroll of amnesia {unknown}
 h - 3 scrolls of identify {unknown}
 j - a scroll of fear {unknown}
 k - 2 scrolls of enchant armour {unknown}
 o - a scroll of remove curse
 r - a scroll of blinking {unknown}
Potions
 i - a potion of haste {unknown}
 l - a potion of heal wounds {unknown}
 m - a potion of flight {unknown}
 n - a potion of lignification {unknown}
Comestibles
 c - 4 rations
 p - a chunk of flesh


   Skills:
 + Level 3.0 Dodging
 - Level 1.7 Stealth
 + Level 3.1 Spellcasting
 * Level 6.2 Necromancy


You had 5 spell levels left.
You knew the following spells:

 Your Spells              Type           Power        Failure   Level  Hunger
a - Pain                  Necr           ###.         1%          1    None
b - Animate Dead          Necr           N/A          13%         4    ####...

Your spell library contained the following spells:

 Spells                   Type           Power        Failure   Level  Hunger
 Animate Skeleton         Necr           N/A          1%          1    None
 Vampiric Draining        Necr           ###.......   4%          3    ###....
 Agony                    Necr           ###.....     36%         5    ######.


Dungeon Overview and Level Annotations

Branches:
Dungeon (3/15)

Altars:
Dithmenos
Hepliaklqana
Makhleb
Wu Jian

Annotations:
D:3 Purgy


Innate Abilities, Weirdness & Mutations

You have large cloven feet.
You are partially covered in icy blue scales. (AC +2)
You regenerate a little health from kills.


Message History

You see here a kobold skeleton.
You feel your anger nearly subside.
You are no longer berserk.
You are exhausted.
You feel yourself slow down. The adder barely misses you. The adder misses you.
You feel sick. The adder barely misses you. The adder closely misses you.
You feel sick.
You are no longer poisoned.
There is an escape hatch in the ceiling here.
The adder closely misses you. The adder bites you but does no damage.
A mysterious force pulls you upwards. The hatch slams shut behind you.
Casting: Pain (safe; 1% risk of failure)
Confirm with . or Enter, or press ? or * to list all spells.
Aiming: Pain (safe; 1% risk of failure)
Press: ? - help, Shift-Dir - straight line, f - adder
Aim: an adder (chance to defeat MR: 88%)
The adder writhes in agony.
The adder bites you.
You die...

# #.# #..# *#W#. # #.# #..# ####
# #.# #..#####=. # #.# #.......[.
########## #.# #..##.##.#
.........# #.# #........#
########.## #.# #..##)#..#
...<......######S#######..##.#..#
#######.........@...............#
#...######.########......## ###.#
#.#######......#.. #.#
#...........###.##
#.###############..# #.#
#)##.......# #..# #.#
#.##.#####.# #..# #.##
#.##.#####<# #..###...
#.......##.# ##.##....


You could see an adder.

Vanquished Creatures
  An ogre (D:2)
  Jessica (D:2)
  2 adders
  A leopard gecko (D:1)
  7 orcs (D:3)
  A ball python (D:3)
  11 bats
  5 giant cockroaches
  5 goblins
  4 hobgoblins
  2 frilled lizards
  5 kobolds
  4 rats
49 creatures vanquished.

Vanquished Creatures (collateral kills)
  A bullfrog skeleton (D:3)
1 creature vanquished.

Grand Total: 50 creatures vanquished

Notes
Turn   | Place    | Note
-------+----------+-------------------------------------------
     0 | D:1      | Hasart the Demonspawn Necromancer began the quest for the
                  | Orb.
     0 | D:1      | Reached XP level 1. HP: 13/13 MP: 3/3
   301 | D:1      | Gained mutation: You are partially covered in icy blue
                  | scales. (AC +2) [demonic ancestry]
   301 | D:1      | Reached XP level 2. HP: 16/19 MP: 0/5
   957 | D:2      | Noticed Jessica
   960 | D:2      | Killed Jessica
   960 | D:2      | Reached skill level 5 in Necromancy
   960 | D:2      | Reached XP level 3. HP: 23/24 MP: 3/6
  1054 | D:2      | Noticed an ogre
  1116 | D:2      | Killed an ogre
  1116 | D:2      | Gained mutation: You have large cloven feet. [demonic
                  | ancestry]
  1116 | D:2      | Reached XP level 4. HP: 5/30 MP: 0/8
  1417 | D:2      | Found a hazy altar of Hepliaklqana.
  1428 | D:2      | Found a shadowy altar of Dithmenos.
  1428 | D:2      | Noticed a shadow
  1544 | D:2      | Gained mutation: You regenerate a little health from kills.
                  | [demonic ancestry]
  1544 | D:2      | Reached XP level 5. HP: 35/35 MP: 7/9
  2010 | D:2      | Found an ornate altar of the Wu Jian Council.
  2087 | D:2      | Learned a level 4 spell: Animate Dead
  2301 | D:3      | Reached skill level 6 in Necromancy
  2732 | D:3      | Found a burning altar of Makhleb.
  2783 | D:3      | Noticed Purgy
  2836 | D:2      | Slain by an adder

Illustrated notes

Levels and vault maps discovered:
D:1:      dpeg_arrival_refuge, layout_basic
D:2:      layout_loops_ring, riverfiend_overflow_shadow_ancestor,
          lemuel_round_altar, uniq_jessica
D:3:      layout_rooms, demons_altar, lemuel_doored_altar, first_ration,
          gup_sewer_entry_spiral, uniq_purgy

Skill      XL: |  1  2  3  4  5 |
---------------+----------------+-----
Dodging        | 2 3 |  3.0
Necromancy     | 5 6 |  6.2
Spellcasting   | 3 |  3.1
Stealth        | |  1.7

Action                   |  1- 3 |  4- 6 || total
-------------------------+-------+-------++-------
Melee: Spear             |     6 |    10 ||    16
       Kick              |       |     2 ||     2
 Cast: Pain              |    42 |    55 ||    97
       Animate Dead      |       |     1 ||     1
  Use: Scroll            |       |     2 ||     2
       Potion            |       |     2 ||     2
  Eat: Chunk             |     1 |     5 ||     6
Armor: Robe              |     4 |    13 ||    17
Dodge: Dodged            |    16 |    35 ||    51

Table legend:
 A = Non-vault XP
 B = Vault XP
 C = Vault XP percentage of total XP
 D = Non-vault monster count
 E = Vault monster count
 F = Vault count percentage of total count
                 A         B        C        D         E       F
            +---------+---------+-------+---------+---------+-------
      Total |     262 |      37 |  12.4 |      49 |       1 |   2.0
            +---------+---------+-------+---------+---------+-------
        D:1 |      34 |       0 |   0.0 |      20 |       0 |   0.0
        D:2 |     155 |      37 |  19.3 |      15 |       1 |   6.2
        D:3 |      73 |       0 |   0.0 |      14 |       0 |   0.0
            +---------+---------+-------+---------+---------+-------
